 Dungeon Crawl Stone Soup version 0.13-a0-2531-g2ad9301 (webtiles) character file.

146 Rycklaryybbe the Changer (level 3, -2/28 HPs)
             Began as a Demigod Transmuter on July 26, 2013.
             Slain by a goblin
             ... wielding a +0,+0 club
              (6 damage)
             ... on Level 2 of the Dungeon.
             The game lasted 00:03:21 (1158 turns).

Rycklaryybbe the Changer (Demigod Transmuter)       Turns: 1158, Time: 00:03:21

HP  -2/28        AC  2     Str 16      XL: 3   Next: 48%
MP   7/7         EV 12     Int 17      God:
Gold 90          SH  0     Dex 17      Spells:  1 memorised,  4 levels left

Res.Fire  : . . .   See Invis. : .   u - +0 rod of striking (0/9)
Res.Cold  : . . .   Warding    : .   q - +0 robe
Life Prot.: . . .   Conserve   : .   (no shield)
Res.Poison: .       Res.Corr.  : .   (helmet restricted)
Res.Elec. : .       Clarity    : .   (no cloak)
Sust.Abil.: . .     Spirit.Shd : .   (no gloves)
Res.Mut.  : .       Stasis     : .   (no boots)
Res.Rott. : .       Flight     : .   (no amulet)
Saprovore : . . .                    t - +2 ring of strength
                                     k - cursed ring of hunger

@: appendage, slightly resistant to hostile enchantments, unstealthy
A: horns 2
a: End Transformation


You were on level 2 of the Dungeon.
You were near starving.
You had grown temporary horns.
You visited 1 branch of the dungeon, and saw 2 of its levels.

You collected 70 gold pieces.

Inventory:

Hand weapons
 h - a +1,+1 elven short sword of flaming
Missiles
 b - 12 arrows
Armour
 c - a +0 robe
 q - a +0 robe (worn)
Comestibles
 a - 2 bread rations
 g - a pear
 j - 2 meat rations
 p - a lemon
Scrolls
 i - 2 scrolls of fog {unknown}
 l - a scroll of amnesia {unknown}
 m - a scroll of blinking {unknown}
 r - 2 scrolls of teleportation {unknown}
 v - a scroll of fear {unknown}
Jewellery
 k - a cursed ring of hunger (left hand)
 t - a +2 ring of strength (right hand)
Potions
 e - 2 potions of curing
 f - a potion of confusion
 n - a potion of paralysis {unknown}
 o - a potion of heal wounds {unknown}
 s - a potion of brilliance {unknown}
Books
 d - a book of Changes

   Spells                             Type                      Level
   *Beastly Appendage                 Transmutation                1
   Sticks to Snakes                   Transmutation                2
   Spider Form                        Transmutation/Poison         3
   Ice Form                           Ice/Transmutation            4
   Blade Hands                        Transmutation                5
Rods
 u - a +0 rod of striking (0/9) (weapon)
   (You found it on level 2 of the Dungeon)


   Skills:
 - Level 0.8 Fighting
 - Level 1.7 Dodging
 - Level 2.6 Unarmed Combat
 - Level 1.7 Spellcasting
 + Level 3.7 Transmutations


You had 4 spell levels left.
You knew the following spells:

 Your Spells              Type           Power        Failure   Level  Hunger
a - Beastly Appendage     Trmt           ##....       4%          1    #......


Dungeon Overview and Level Annotations

Branches:
Dungeon (2/27)


Innate Abilities, Weirdness & Mutations

You have a pair of horns on your head.


Message History

You closely miss the goblin.
The goblin is heavily wounded.
You are near starving!
The goblin hits you with an uncursed club.
* * * LOW HITPOINT WARNING * * *
You closely miss the goblin.
The goblin is heavily wounded.
The goblin closely misses you. The goblin misses you.
You hit the goblin but do no damage.
You headbutt the goblin, but do no damage.
The goblin is heavily wounded.
The goblin completely misses you.
You closely miss the goblin.
The goblin is heavily wounded.
The goblin hits you with an uncursed club.
* * * LOW HITPOINT WARNING * * *
You hit the goblin but do no damage. You headbutt the goblin.
The goblin is almost dead.
The goblin hits you with an uncursed club.
You die...

#.... #.# #..........## #<.. #.#
#............ #... #.#
#..........## #..# #.#
#<.........# #..# #.#
##.######### #..# #.# #.# #..#
#.# #.#
#..############.######.##########
................@.(..(...........
#..############g######.##########
#..# #.# #.# #..############.#
#.# ................# #.#
.....############ #.# .....# #.#
.....# ... ..<..# .


You could see a goblin.

Vanquished Creatures
  4 adders (D:2)
  A giant gecko (D:2)
  An ooze (D:2)
  A giant cockroach (D:2)
  4 goblins
  3 kobolds
  5 bats
  A giant newt (D:2)
  3 rats
23 creatures vanquished.

Notes
Turn   | Place    | Note
--------------------------------------------------------------
     0 | D:1      | Rycklaryybbe, the Demigod Transmuter, began the quest for the Orb.
     0 | D:1      | Reached XP level 1. HP: 16/16 MP: 3/3
   450 | D:2      | Reached XP level 2. HP: 2/23 MP: 2/4
   493 | D:2      | Reached skill level 3 in Transmutations
   835 | D:2      | Reached XP level 3. HP: 13/28 MP: 5/7
   846 | D:2      | Identified a +0 rod of striking (9/9) (You found it on level 2 of the Dungeon)
  1158 | D:2      | Slain by a goblin

Action                   || total
-------------------------++-------
Melee: Short sword       ||    47
       Unarmed           ||     4
       Rod               ||    30
 Cast: Beastly Appendage ||    10
  Use: Potion            ||     3
 Stab: Sleeping          ||     1
